 Dungeon Crawl Stone Soup version 0.30-a0-808-g6e0788376e (webtiles) character file.

Game seed: 1241129205284468819

108 Sabo the Slasher (level 4, -5/32 HPs)
             Began as a Gnoll Wanderer on Feb 26, 2023.
             Slain by a gnoll
             ... wielding a +0 halberd
              (7 damage)
             ... on level 3 of the Dungeon.
             The game lasted 00:15:08 (2529 turns).

Sabo the Slasher (Gnoll Wanderer)                   Turns: 2529, Time: 00:15:08

Health: -5/32      AC:  6    Str: 15    XL:     4   Next: 87%
Magic:  6/11       EV: 11    Int: 16    God:
Gold:   149        SH:  0    Dex: 11    Spells: 9/13 levels left

rFire   . . .      SeeInvis .    a - +2 falchion
rCold   . . .      Faith    .    (no shield)
rNeg    . . .      Spirit   .    o - +0 leather armour
rPois   .          Reflect  .    j - +2 helmet
rElec   .          Harm     .    (no cloak)
rCorr   .          Rampage  .    (no gloves)
Will    .....                    (no boots)
Stlth   +                        h - amulet of regeneration
HPRegen 1.05/turn                l - +6 ring of strength
MPRegen 0.12/turn                (no ring)

@: no status effects
A: fangs 1, strong nose, distributed training
a: no special abilities


You were on level 3 of the Dungeon.
You visited 1 branch of the dungeon, and saw 3 of its levels.

You collected 149 gold pieces.

Inventory:

Hand Weapons
 a - a +2 falchion (weapon)
 g - a +0 sling
Missiles
 e - 3 boomerangs
Armour
 j - a +2 helmet (worn)
 o - a +0 leather armour (worn)
Jewellery
 h - an amulet of regeneration (around neck)
 l - a +6 ring of strength (left hand)
Wands
 b - a wand of flame (4)
 i - a wand of mindburst (4)
Scrolls
 c - a scroll of teleportation
 p - a scroll of butterflies {unknown}
Potions
 d - a potion of mutation
 f - a potion of might
 k - 4 potions of curing
 m - a potion of magic
 n - a potion of resistance


   Skills:
 + Level 1.3 Fighting
 + Level 1.3 Short Blades
 + Level 6.6 Long Blades
 + Level 1.3 Axes
 + Level 1.3 Maces & Flails
 + Level 1.3 Polearms
 + Level 1.3 Staves
 + Level 1.3 Ranged Weapons
 + Level 1.3 Throwing
 + Level 2.8 Armour
 + Level 1.3 Dodging
 + Level 1.3 Stealth
 + Level 1.3 Shields
 + Level 1.3 Unarmed Combat
 + Level 5.1 Spellcasting
 + Level 1.0 Conjurations
 + Level 1.0 Hexes
 + Level 1.0 Summonings
 + Level 1.0 Necromancy
 + Level 1.0 Translocations
 + Level 1.0 Transmutations
 + Level 1.0 Fire Magic
 + Level 1.0 Ice Magic
 + Level 1.0 Air Magic
 + Level 3.9 Earth Magic
 + Level 1.0 Poison Magic
 + Level 1.4 Invocations
 + Level 4.7 Evocations


You had 9 spell levels left.
You knew the following spells:

 Your Spells              Type           Power      Damage    Failure   Level
a - Sandblast             Erth           32%        2d9       3%          1
b - Stone Arrow           Conj/Erth      24%        3d8       21%         3

Your spell library contained the following spells:

 Spells                   Type           Power      Damage    Failure   Level
 Apportation              Tloc           14%        N/A       12%         1
 Necrotise                Necr           28%        1d5       12%         1
 Summon Small Mammal      Summ           28%        N/A       12%         1


Dungeon Overview and Level Annotations

Branches:
Dungeon (3/15)

Altars:
Ru


Innate Abilities, Weirdness & Mutations

You have very sharp teeth.
Your uncanny sense of smell can sniff out nearby items.
Your experience applies equally to all skills.


Message History

Casting: Sandblast (safe; 3% risk of failure)
Confirm with . or Enter, or press ? or * to list all spells.
Aiming: Sandblast (safe; 3% risk of failure)
Press: ? - help, Shift-Dir - straight line, f/p - gnoll
Aim: a gnoll, wielding a +0 spear (moderately wounded, 84% to hit)
The blast of sand misses the gnoll.
The gnoll shouts!
The gnoll hits you from afar with a +0 spear.
The gnoll barely misses you.
Casting: Sandblast (safe; 3% risk of failure)
Confirm with . or Enter, or press ? or * to list all spells.
Aiming: Sandblast (safe; 3% risk of failure)
Press: ? - help, Shift-Dir - straight line, f/p - gnoll
Aim: a gnoll, wielding a +0 spear (moderately wounded, 84% to hit)
The blast of sand misses the gnoll.
The gnoll hits you from afar with a +0 spear.
The gnoll barely misses you.
The gnoll hits you from afar with a +0 halberd!
The gnoll hits you from afar with a +0 spear.
Casting: Sandblast (safe; 3% risk of failure)
Confirm with . or Enter, or press ? or * to list all spells.
Aiming: Sandblast (safe; 3% risk of failure)
Press: ? - help, Shift-Dir - straight line, f/p - gnoll
Aim: a gnoll, wielding a +0 spear (moderately wounded, 84% to hit)
The blast of sand hits the gnoll.
The gnoll is severely wounded.
The gnoll hits you but does no damage.
The gnoll hits you from afar with a +0 halberd!
* * * LOW HITPOINT WARNING * * *
Casting: Sandblast (safe; 3% risk of failure)
Confirm with . or Enter, or press ? or * to list all spells.
Aiming: Sandblast (safe; 3% risk of failure)
Press: ? - help, Shift-Dir - straight line, f/p - gnoll
Aim: a gnoll, wielding a +0 spear (heavily wounded, 84% to hit)
The blast of sand hits the gnoll.
The gnoll is severely wounded.
The gnoll hits you from afar with a +0 spear.
* * * LOW HITPOINT WARNING * * *
The gnoll hits you from afar with a +0 halberd!
You die...

.......##
#....... #......#
#......# #......#
#......#
##########...ggg#
#............)..#
#........>....@.#
#.............(.#
#..........######
#..........#
#..........#
#..........#
#..........#
#..........#
#....<.....#


You could see 3 gnolls.

Vanquished Creatures
  2 gnolls
  3 adders
  2 worms
  2 dart slugs
  3 orcs (D:3)
  6 endoplasms
  A giant cockroach (D:3)
  3 goblins
  2 hobgoblins
  3 jackals (D:3)
  5 kobolds
  3 quokkas
  3 ball pythons
  4 bats
  5 frilled lizards
  A rat (D:1)
48 creatures vanquished.

Notes
Turn   | Place    | Note
-------+----------+-------------------------------------------
     0 | D:1      | Sabo the Gnoll Wanderer began the quest for the Orb.
     0 | D:1      | Sabo set off with the following items: a +2 falchion, a
                  | wand of flame (4), a scroll of teleportation, a +0 robe;
                  | and the following spell memorised: Sandblast; and the
                  | following spells available to memorise: Stone Arrow.
     0 | D:1      | Reached XP level 1. HP: 13/13 MP: 6/6
    81 | D:1      | Reached XP level 2. HP: 20/20 MP: 4/7
   788 | D:2      | Reached skill level 5 in Spellcasting
   788 | D:2      | Reached XP level 3. HP: 25/25 MP: 5/9
   934 | D:2      | Found a faded altar of an unknown god.
  1071 | D:2      | Reached skill level 1 in Invocations
  1160 | D:2      | Found a sacrificial altar of Ru.
  1495 | D:2      | Reached skill level 1 in Fighting
  1495 | D:2      | Reached skill level 1 in Short Blades
  1495 | D:2      | Reached skill level 1 in Axes
  1495 | D:2      | Reached skill level 1 in Maces & Flails
  1495 | D:2      | Reached skill level 1 in Polearms
  1495 | D:2      | Reached skill level 1 in Staves
  1495 | D:2      | Reached skill level 1 in Ranged Weapons
  1495 | D:2      | Reached skill level 1 in Throwing
  1495 | D:2      | Reached skill level 1 in Dodging
  1495 | D:2      | Reached skill level 1 in Stealth
  1495 | D:2      | Reached skill level 1 in Shields
  1495 | D:2      | Reached skill level 1 in Unarmed Combat
  1820 | D:3      | Learned a level 3 spell: Stone Arrow
  1828 | D:3      | Reached XP level 4. HP: 32/32 MP: 9/11
  2039 | D:3      | Reached skill level 1 in Conjurations
  2039 | D:3      | Reached skill level 1 in Hexes
  2039 | D:3      | Reached skill level 1 in Summonings
  2039 | D:3      | Reached skill level 1 in Necromancy
  2039 | D:3      | Reached skill level 1 in Translocations
  2039 | D:3      | Reached skill level 1 in Transmutations
  2039 | D:3      | Reached skill level 1 in Fire Magic
  2039 | D:3      | Reached skill level 1 in Ice Magic
  2039 | D:3      | Reached skill level 1 in Air Magic
  2039 | D:3      | Reached skill level 1 in Poison Magic
  2529 | D:3      | Slain by a gnoll

Illustrated notes

Levels and vault maps discovered:
D:1:      lightli_iron_boxes, layout_rooms
D:2:      layout_loops_ring, basic_altar, ebering_ecumenical_altar_ruins,
          minivault_25, grunt_decor_fettered
D:3:      layout_basic, serial_park_tiny_2, uniq_robin

Skill      XL: |  1  2  3  4 |
---------------+-------------+-----
Spellcasting   | 5 |  5.1
Invocations    | 1 |  1.4
Fighting       | 1 |  1.3
Short Blades   | 1 |  1.3
Axes           | 1 |  1.3
Maces & Flails | 1 |  1.3
Polearms       | 1 |  1.3
Staves         | 1 |  1.3
Ranged Weapons | 1 |  1.3
Throwing       | 1 |  1.3
Dodging        | 1 |  1.3
Stealth        | 1 |  1.3
Shields        | 1 |  1.3
Unarmed Combat | 1 |  1.3
Conjurations   | 1 |  1.0
Hexes          | 1 |  1.0
Summonings     | 1 |  1.0
Necromancy     | 1 |  1.0
Translocations | 1 |  1.0
Transmutations | 1 |  1.0
Fire Magic     | 1 |  1.0
Ice Magic      | 1 |  1.0
Air Magic      | 1 |  1.0
Poison Magic   | 1 |  1.0
Long Blades    | |  6.6
Armour         | |  2.8
Earth Magic    | |  3.9
Evocations     | |  4.7

Action                     |  1- 3 |  4- 6 || total
---------------------------+-------+-------++-------
  Melee: Falchion          |    18 |     7 ||    25
         Punch             |       |     1 ||     1
   Cast: Sandblast         |    41 |    25 ||    66
    Use: Scroll            |     7 |     2 ||     9
   Stab: Sleeping          |     1 |       ||     1
 Armour: Robe              |     5 |       ||     5
         Leather armour    |       |     8 ||     8
  Dodge: Dodged            |     9 |    12 ||    21

Table legend: (Time is in decaauts)
 A = Elapsed time spent in this place.
 B = Non-inter-level travel time spent in this place.
 C = Inter-level travel time spent in this place.
 D = Time resting spent in this place.
 E = Time spent auto-exploring this place.
 F = Levels seen in this place.
 G = Mean time per level.
                   A        B        C        D        E       F      G
               +--------+--------+--------+--------+--------+-----+--------+
         Total |   2562 |   2562 |      0 |    572 |      0 |   3 |  854.0 |
       Dungeon |   2562 |   2562 |      0 |    572 |      0 |   3 |  854.0 |
               +--------+--------+--------+--------+--------+-----+--------+

Top non-repeatable levels by time:
     D:2: 1094 daAuts
     D:1: 770 daAuts
     D:3: 696 daAuts
